 Dungeon Crawl Stone Soup version 0.20-a0-1122-gb7cbeb9 (webtiles) character file.

151 grindst0ne the Ruffian (level 5, -2/54 HPs)
             Began as a Troll Monk on May 11, 2017.
             Slain by a killer bee (3 damage)
             ... on level 4 of the Dungeon.
             The game lasted 00:04:43 (2045 turns).

grindst0ne the Ruffian (Troll Monk)                 Turns: 2045, Time: 00:04:44

Health: -2/54      AC:  5    Str: 19    XL:     5   Next: 11%
Magic:  4/4        EV: 10    Int:  6    God:
Gold:   203        SH:  0    Dex: 13    Spells: 4/4 levels left

rFire    . . .     SeeInvis .     - Unarmed
rCold    . . .     Gourm    +   (no shield)
rNeg     . . .     Faith    .   a - +0 robe
rPois    .         Spirit   .   (helmet restricted)
rElec    .         Reflect  .   (no cloak)
rCorr    .         Harm     .   (gloves unavailable)
MR       .....                  (boots unavailable)
Stlth    ++........             (no amulet)
Regen    0.6/turn               (no ring)
MPRegen  0.1/turn               (no ring)

@: lethally poisoned (-2 -> -3), hasted, very quick
A: unfitting armour, claws 3, fast metabolism 3, gourmand, regeneration 1,
shaggy fur 1, tough skin 2
a: no special abilities


You were on level 4 of the Dungeon.
You were very full.

You visited 1 branch of the dungeon, and saw 4 of its levels.

You collected 203 gold pieces.

Inventory:

Armour
 a - a +0 robe (worn)
Jewellery
 d - an uncursed amulet of magic regeneration {unknown}
Wands
 r - a wand of random effects (31/48)
Scrolls
 e - 4 scrolls of fear {unknown}
 g - 3 scrolls of teleportation {unknown}
 i - a scroll of magic mapping {unknown}
 k - 3 scrolls of identify {unknown}
 p - 2 scrolls of remove curse {unknown}
Potions
 c - a potion of curing {unknown}
 f - a potion of lignification
 m - a potion of cancellation
 n - a potion of agility {unknown}
 o - a potion of haste
 q - a potion of mutation {unknown}
Comestibles
 b - 3 bread rations
 h - 3 royal jellies
 j - 3 fruits
 l - 2 meat rations


   Skills:
 + Level 3.7 Fighting
 - Level 2.4 Dodging
 - Level 1.0 Stealth
 + Level 4.7 Unarmed Combat


You had 4 spell levels left.
You didn't know any spells.

Dungeon Overview and Level Annotations

Branches:
Dungeon (4/15)
 Temple: D:4-7

Altars:
Trog


Innate Abilities, Weirdness & Mutations

You are too large for most types of armour.
You have claws for hands.
Your metabolism is lightning-fast.
You like to eat raw meat.
Your natural rate of healing is unusually fast.
You are covered in fur. (AC +1)
You have very tough skin. (AC +2)


Message History

* * * LOW HITPOINT WARNING * * *
You feel sick. The killer bee stings you.
* * * LOW HITPOINT WARNING * * *
It was a potion of lignification.
You turn into a tree.
Your +0 robe melds into your body.
Your roots penetrate the ground.
You feel sick.
The killer bee stings you but does no damage. x2
It was a potion of cancellation.
Your magical effects are unravelling.
You feel magically purged.
You feel less wooden.
Your +0 robe unmelds from your body.
* * * LOW HITPOINT WARNING * * *
You feel sick.
The killer bee stings you but does no damage.
The killer bee closely misses you.
It was a potion of haste.
You feel yourself speed up.
* * * LOW HITPOINT WARNING * * *
You feel sick. The killer bee stings you.
You die...

).. .)#
#.# #.#
... #.#
#.#
#y##
#.@#
##.##
#..#
##.##
#..#
##.# .#
#.## .#
#..# )#
##.##.#


You could see a killer bee.

Vanquished Creatures
  Jessica (D:2)
  Terence (D:3)
  Ijyb (D:3)
  An ooze (D:1)
  4 worms
  2 dart slugs (D:1)
  2 leopard geckos
  4 bats
  3 giant cockroaches
  8 goblins
  7 hobgoblins
  9 kobolds
  2 quokkas
  2 ball pythons
  A frilled lizard (D:1)
  5 rats
  A toadstool (D:1)
54 creatures vanquished.

Vanquished Creatures (others)
  3 toadstools (D:1)
3 creatures vanquished.

Grand Total: 57 creatures vanquished

Notes
Turn   | Place    | Note
-------+----------+-------------------------------------------
     0 | D:1      | grindst0ne the Troll Monk began the quest for the Orb.
     0 | D:1      | Reached XP level 1. HP: 22/22 MP: 0/0
    62 | D:1      | Reached XP level 2. HP: 23/29 MP: 1/1
   324 | D:1      | Reached XP level 3. HP: 37/37 MP: 2/2
   979 | D:2      | Found a bloodstained altar of Trog.
  1058 | D:2      | Reached skill level 4 in Unarmed Combat
  1063 | D:2      | Noticed Jessica
  1067 | D:2      | Killed Jessica
  1067 | D:2      | Reached XP level 4. HP: 45/45 MP: 3/3
  1379 | D:3      | Noticed Terence
  1386 | D:3      | Killed Terence
  1713 | D:3      | Noticed Ijyb
  1719 | D:3      | Killed Ijyb
  1719 | D:3      | Reached XP level 5. HP: 54/54 MP: 4/4
  2042 | D:4      | HP: 2/54 [killer bee (3)]
  2045 | D:4      | Slain by a killer bee

Vault maps used:
D:1:      ldierk_water_garden
D:2:      first_bread, bloody_trog, uniq_jessica
D:3:      uniq_ijyb, uniq_terence
D:4:      minmay_temple_entry_mist, kennysheep_generic_room_3

Skill      XL: |  1  2  3 |
---------------+----------+-----
Fighting       | 3 |  3.7
Unarmed Combat | 4 |  4.7
Dodging        | |  2.4
Stealth        | |  1.0

Action                   |  1- 3 |  4- 6 || total
-------------------------+-------+-------++-------
Melee: Unarmed           |   101 |    46 ||   147
  Use: Potion            |       |     3 ||     3
 Stab: Sleeping          |     3 |     1 ||     4
  Eat: Chunk             |    15 |     8 ||    23
Armor: Robe              |    32 |    19 ||    51
       Skin              |       |     2 ||     2
Dodge: Dodged            |    48 |    18 ||    66
